 Dungeon Sprint DCSS version 0.17-a0-764-gd40c196 (webtiles) character file.

7000000 namelastname112 the Grand Master (level 27, -60/323 HPs)
             Began as a Demonspawn Monk on Apr 23, 2015.
             Was the Champion of Makhleb.
             Annihilated by The Captor
             ... wielding a +9 triple sword of slicing
              (118 damage)
             ... in the Dungeon (Sprint VIII: "Arena of Blood").
             The game lasted 00:02:10 (70 turns).

namelastname112 the Grand Master (Demonspawn Monk)    Turns: 70, Time: 00:02:10

Health: -60/323    AC:  8    Str: 13    XL:     27
Magic:  32/54      EV: 39    Int: 12    God:    Makhleb [******]
Gold:   0          SH:  0    Dex: 27    Spells: 0 memorised, 80 levels left

rFire  . . .     SeeInvis .     i - +∞ Axe of Woe
rCold  + . .     Clarity  .     a - +0 robe
rNeg   . . .     SustAb   .     (no shield)
rPois  .         Gourm    .     (no helmet)
rElec  .         Spirit   .     (no cloak)
rCorr  .         Warding  .     (gloves unavailable)
rMut   .         NoTele   +     (no boots)
MR     ++...                    (no amulet)
Stlth  +++++++++.               (no ring)
                                (no ring)

@: marked, very resistant to hostile enchantments, incredibly stealthy
A: claws 3, icy blue scales 3, foul stench 2, powered by death 3, robust 3, rot
immunity
a: Minor Destruction, Lesser Servant of Makhleb, Major Destruction, Greater
Servant of Makhleb, Renounce Religion


You were in the Dungeon.
You worshipped Makhleb.
Makhleb was exalted by your worship.
You were not hungry.

You visited 1 branch

Inventory:

Hand weapons
 i - the +∞ Axe of Woe (weapon)
   (You found it in the Dungeon)
Armour
 a - a +0 robe (worn)
Scrolls
 h - a scroll of blinking
Potions
 c - a potion of curing
 d - a potion of heal wounds
 e - a potion of haste
 f - 2 potions of magic
 g - a potion of berserk rage
Comestibles
 b - a bread ration


   Skills:
 O Level 27 Fighting
 O Level 27 Axes
 O Level 27 Throwing
 O Level 27 Armour
 O Level 27 Dodging
 O Level 27 Stealth
 O Level 27 Unarmed Combat
 O Level 27 Spellcasting
 O Level 27 Invocations


You had 80 spell levels left.
You didn't know any spells.

Dungeon Overview and Level Annotations

Branches:
Dungeon (1/1)

Altars:
Makhleb

Annotations:
D The Captor


Innate Abilities, Weirdness & Mutations

You have claws for hands.
You are completely covered in icy blue scales (AC +4, EV -1, rC+).
You frequently emit foul miasma when damaged in melee.
You can steal the life force of all defeated enemies in sight.
You are extremely robust (+30% HP).
You are immune to rotting.


Message History

An orc, 2 ogres, a hell beast and 2 liches come into view.
Unknown command.
Unknown command.
The web tears apart.
You hear a shout! x2
The dread calls on the powers of darkness!
Your body is wracked with pain!
* * * LOW HITPOINT WARNING * * *
The bag of meat convulses!
The Captor convulses!
The bag of meat convulses!
The corpses begin to drag themselves along the ground!
The accursed gestures at you while chanting.
Something smites you!
* * * LOW HITPOINT WARNING * * *
You hear a shout!
The accursed points at you and mumbles some strange words.
Something smites you!
* * * LOW HITPOINT WARNING * * *
You hear a shout!
The Captor hits you with a +9 triple sword of slicing!!!!
You die...

##### ###### ##.....
.=W.. ....... ...
.......##W##.####
.....x.x@Cx......
.####O..@o##.##...
#.o.W..o.oX...o...
#...oo.oXoO#.#...
#...)))W)M2......
..#.oo)M)zOOO.2...
...o#2MLO).....o....
.......).)...L......
...%.....o..........


You could see 3 accurseds, 2 meat beasts, 2 tyrants, a sculptor of flesh, a
large bag of meat (inner flame), 2 large abominations, 4 dreads, The Captor, 6
meat berserkers and 12 bags of meat.

Vanquished Creatures
  7 vampire knights (D)
  21 ogres (D)
  2 liches (D)
  2 hydras (D)
  48 orcs (D)
  5 hill giants (D)
  2 skeletal warriors (D)
  A tentacled monstrosity (D)
  4 small abominations (D)
  12 large abominations (D)
  6 crawling corpses (D)
110 creatures vanquished.

Vanquished Creatures (others)
  An ogre (D)
  7 orcs (D)
  6 crawling corpses (D)
14 creatures vanquished.

Grand Total: 124 creatures vanquished

Notes
Turn   | Place    | Note
--------------------------------------------------------------
     0 | D        | namelastname112, the Demonspawn Monk, began the quest for the Orb.
     0 | D        | Reached XP level 1. HP: 18/18 MP: 1/1
     3 | D        | Noticed a meat berserker
     3 | D        | Noticed a bag of meat
     4 | D        | Killed a meat berserker
     4 | D        | Reached skill level 16 in Fighting
     4 | D        | Reached skill level 21 in Unarmed Combat
     4 | D        | Gained mutation: You can steal the life force of nearby defeated enemies. [demonic ancestry]
     4 | D        | Reached XP level 2. HP: 21/45 MP: 2/2
     4 | D        | Gained mutation: You have sharp fingernails. [demonic ancestry]
     4 | D        | Reached XP level 3. HP: 23/51 MP: 3/3
     4 | D        | Reached XP level 4. HP: 26/58 MP: 4/4
     4 | D        | Reached XP level 5. HP: 28/64 MP: 5/5
     4 | D        | Reached XP level 6. HP: 31/71 MP: 6/6
     4 | D        | Gained mutation: You are partially covered in icy blue scales (AC +1). [demonic ancestry]
     4 | D        | Reached XP level 7. HP: 34/78 MP: 7/7
     4 | D        | Gained mutation: You are mostly covered in icy blue scales (AC +3, EV -1). [demonic ancestry]
     4 | D        | Reached XP level 8. HP: 37/85 MP: 8/8
     4 | D        | Gained mutation: You are immune to rotting. [demonic ancestry]
     4 | D        | Reached XP level 9. HP: 39/91 MP: 9/9
     4 | D        | Reached XP level 10. HP: 42/98 MP: 10/10
     4 | D        | Reached XP level 11. HP: 44/104 MP: 11/11
     4 | D        | Gained mutation: You are completely covered in icy blue scales (AC +4, EV -1, rC+). [demonic ancestry]
     4 | D        | Reached XP level 12. HP: 46/111 MP: 12/12
     4 | D        | Gained mutation: You can steal the life force of defeated enemies. [demonic ancestry]
     4 | D        | Reached XP level 13. HP: 48/117 MP: 13/13
     5 | D        | Became a worshipper of Makhleb the Destroyer
     5 | D        | Acquired Makhleb's first power
     5 | D        | Acquired Makhleb's second power
     6 | D        | Killed a bag of meat
     6 | D        | Reached skill level 1 in Axes
     6 | D        | Reached skill level 15 in Dodging
     6 | D        | Reached skill level 23 in Unarmed Combat
     7 | D        | Noticed a bag of meat
     7 | D        | Noticed a bag of meat
     8 | D        | Noticed a meat berserker
     9 | D        | Noticed a meat berserker
    10 | D        | Noticed a meat berserker
    10 | D        | Noticed a bag of meat
    10 | D        | Noticed a bag of meat
    10 | D        | Noticed a bag of meat
    11 | D        | Noticed a bag of meat
    11 | D        | Killed a meat berserker
    11 | D        | Reached skill level 25 in Unarmed Combat
    11 | D        | Reached XP level 14. HP: 127/133 MP: 14/14
    12 | D        | Noticed a bag of meat
    12 | D        | Noticed a bag of meat
    12 | D        | Noticed a bag of meat
    12 | D        | Noticed a bag of meat
    12 | D        | Noticed a meat berserker
    12 | D        | Noticed a meat berserker
    12 | D        | Noticed a bag of meat
    12 | D        | Killed a meat berserker
    12 | D        | Acquired Makhleb's third power
    12 | D        | Reached skill level 27 in Unarmed Combat
    12 | D        | Gained mutation: You may emit foul miasma when damaged in melee. [demonic ancestry]
    12 | D        | Reached XP level 15. HP: 136/146 MP: 15/15
    12 | D        | Killed a meat berserker
    12 | D        | Reached skill level 10 in Stealth
    12 | D        | Gained mutation: You have very sharp fingernails. [demonic ancestry]
    12 | D        | Reached XP level 16. HP: 152/160 MP: 16/16
    13 | D        | Noticed a bag of meat
    13 | D        | Noticed a bag of meat
    13 | D        | Noticed a bag of meat
    13 | D        | Noticed a bag of meat
    13 | D        | Noticed a bag of meat
    13 | D        | Noticed a bag of meat
    13 | D        | Noticed a bag of meat
    13 | D        | Noticed a meat berserker
    13 | D        | Noticed a bag of meat
    14 | D        | Noticed a large bag of meat
    14 | D        | Noticed a bag of meat
    14 | D        | Killed a meat berserker
    14 | D        | Acquired Makhleb's fourth power
    14 | D        | Reached skill level 10 in Axes
    14 | D        | Killed a bag of meat
    14 | D        | Reached skill level 27 in Fighting
    14 | D        | Gained mutation: You have claws for hands. [demonic ancestry]
    14 | D        | Reached XP level 17. HP: 172/174 MP: 17/17
    15 | D        | Noticed a bag of meat
    15 | D        | Noticed a bag of meat
    15 | D        | Noticed a bag of meat
    15 | D        | Noticed a bag of meat
    15 | D        | Noticed a meat berserker
    15 | D        | Killed a bag of meat
    15 | D        | Acquired Makhleb's fifth power
    15 | D        | Killed a bag of meat
    15 | D        | Reached skill level 27 in Dodging
    15 | D        | Killed a meat berserker
    15 | D        | Gained mutation: You frequently emit foul miasma when damaged in melee. [demonic ancestry]
    15 | D        | Reached XP level 18. HP: 182/182 MP: 18/18
    15 | D        | Killed a bag of meat
    15 | D        | Killed a bag of meat
    16 | D        | Noticed a bag of meat
    16 | D        | Killed a bag of meat
    16 | D        | Killed a bag of meat
    16 | D        | Reached skill level 27 in Axes
    16 | D        | Reached XP level 19. HP: 143/189 MP: 19/19
    16 | D        | Killed a meat berserker
    16 | D        | Reached skill level 27 in Stealth
    16 | D        | Killed a bag of meat
    16 | D        | Killed a meat berserker
    16 | D        | Reached skill level 15 in Invocations
    16 | D        | Gained mutation: You are robust (+10% HP). [demonic ancestry]
    16 | D        | Reached XP level 20. HP: 189/216 MP: 19/35
    17 | D        | Killed a bag of meat
    17 | D        | Killed a bag of meat
    18 | D        | Killed a bag of meat
    18 | D        | Reached skill level 15 in Throwing
    18 | D        | Reached skill level 15 in Armour
    18 | D        | Reached skill level 15 in Spellcasting
    19 | D        | Killed a bag of meat
    20 | D        | Noticed a meat berserker
    20 | D        | Killed a bag of meat
    20 | D        | Killed a bag of meat
    20 | D        | Reached XP level 21. HP: 224/224 MP: 19/43
    22 | D        | Noticed a bag of meat
    22 | D        | Killed a large bag of meat
    22 | D        | Killed a bag of meat
    22 | D        | Killed a bag of meat
    22 | D        | Reached skill level 27 in Invocations
    22 | D        | Killed a bag of meat
    23 | D        | Killed a bag of meat
    23 | D        | Killed a bag of meat
    23 | D        | Killed a bag of meat
    24 | D        | Noticed a bag of meat
    24 | D        | Killed a bag of meat
    24 | D        | Reached XP level 22. HP: 233/233 MP: 20/50
    24 | D        | Killed a bag of meat
    25 | D        | Noticed a meat berserker
    26 | D        | Noticed a bag of meat
    26 | D        | Noticed a meat berserker
    26 | D        | Noticed a bag of meat
    27 | D        | Noticed a bag of meat
    27 | D        | Noticed a meat berserker
    27 | D        | Noticed a bag of meat
    27 | D        | Killed a meat berserker
    28 | D        | Noticed a bag of meat
    29 | D        | Noticed a bag of meat
    29 | D        | Noticed a bag of meat
    29 | D        | Killed a meat berserker
    29 | D        | Reached skill level 27 in Throwing
    29 | D        | Reached skill level 27 in Armour
    29 | D        | Reached skill level 27 in Spellcasting
    30 | D        | Noticed a bag of meat
    30 | D        | Noticed a bag of meat
    30 | D        | Noticed a meat berserker
    30 | D        | Noticed a meat berserker
    30 | D        | Noticed a large bag of meat
    31 | D        | Noticed a destroyer
    32 | D        | Noticed an eight-headed meat hydra
    32 | D        | Noticed a meat berserker
    32 | D        | Noticed a bag of meat
    32 | D        | Killed a destroyer
    32 | D        | Gained mutation: You are very robust (+20% HP). [demonic ancestry]
    32 | D        | Reached XP level 23. HP: 233/262 MP: 22/54
    32 | D        | Killed a bag of meat
    33 | D        | Noticed a large bag of meat
    33 | D        | Noticed a bag of meat
    33 | D        | Killed a meat berserker
    33 | D        | Killed a bag of meat
    33 | D        | Killed a bag of meat
    34 | D        | Noticed a sculptor of flesh
    34 | D        | Noticed a destroyer
    34 | D        | Noticed a sculptor of flesh
    34 | D        | Killed a bag of meat
    35 | D        | Killed a bag of meat
    35 | D        | Reached XP level 24. HP: 272/272 MP: 23/54
    35 | D        | Killed a sculptor of flesh
    35 | D        | Killed a bag of meat
    36 | D        | Noticed a large bag of meat
    36 | D        | Noticed a bag of meat
    36 | D        | Noticed a bag of meat
    36 | D        | Noticed a meat berserker
    36 | D        | Noticed a bag of meat
    36 | D        | Killed a meat berserker
    37 | D        | Noticed a meat berserker
    37 | D        | Noticed a destroyer
    37 | D        | Killed a meat berserker
    38 | D        | Noticed an eight-headed meat hydra
    38 | D        | Noticed a bag of meat
    38 | D        | Killed a bag of meat
    38 | D        | Killed a bag of meat
    39 | D        | Noticed a bag of meat
    39 | D        | Killed a bag of meat
    40 | D        | Killed a meat berserker
    40 | D        | Killed a destroyer
    40 | D        | Reached XP level 25. HP: 129/280 MP: 24/54
    41 | D        | Noticed a bag of meat
    41 | D        | Noticed a destroyer
    41 | D        | Killed a destroyer
    41 | D        | Killed a bag of meat
    42 | D        | Killed a large bag of meat
    42 | D        | Killed a meat berserker
    43 | D        | Noticed an accursed
    43 | D        | Killed a bag of meat
    43 | D        | Killed a meat berserker
    43 | D        | Killed a meat berserker
    44 | D        | Noticed a bag of meat
    44 | D        | Killed a large bag of meat
    44 | D        | Killed a bag of meat
    44 | D        | Killed a bag of meat
    44 | D        | Killed a bag of meat
    45 | D        | Noticed a destroyer
    45 | D        | Killed a bag of meat
    46 | D        | Noticed a large bag of meat
    46 | D        | Noticed a meat berserker
    46 | D        | Killed a nine-headed meat hydra
    46 | D        | Killed a large bag of meat
    46 | D        | Killed a bag of meat
    46 | D        | Killed a meat berserker
    46 | D        | Killed a bag of meat
    47 | D        | Killed a sculptor of flesh
    47 | D        | Killed a bag of meat
    48 | D        | Noticed a bag of meat
    48 | D        | Noticed a tyrant
    48 | D        | Killed a bag of meat
    49 | D        | Noticed an accursed
    49 | D        | Killed a destroyer
    49 | D        | Gained mutation: You are extremely robust (+30% HP). [demonic ancestry]
    49 | D        | Reached XP level 26. HP: 262/314 MP: 26/54
    49 | D        | Killed a destroyer
    50 | D        | Noticed a bag of meat
    50 | D        | Noticed a bag of meat
    50 | D        | Killed a bag of meat
    51 | D        | Noticed a tyrant
    52 | D        | Killed a large bag of meat
    52 | D        | Killed a bag of meat
    53 | D        | Noticed a meat berserker
    53 | D        | Killed a bag of meat
    54 | D        | Noticed a meat berserker
    54 | D        | Noticed a destroyer
    54 | D        | Noticed a meat berserker
    54 | D        | Killed a nine-headed meat hydra
    55 | D        | Noticed a destroyer
    55 | D        | Noticed a bag of meat
    56 | D        | Noticed a bag of meat
    56 | D        | Noticed The Captor
    56 | D        | Killed a meat berserker
    57 | D        | Noticed a bag of meat
    57 | D        | Noticed a bag of meat
    57 | D        | Killed a tyrant
    57 | D        | Killed a destroyer
    57 | D        | Gained mutation: You can steal the life force of all defeated enemies in sight. [demonic ancestry]
    57 | D        | Reached XP level 27. HP: 236/323 MP: 29/54
    58 | D        | Noticed a bag of meat
    58 | D        | Noticed a bag of meat
    58 | D        | Noticed a meat berserker
    58 | D        | Killed a destroyer
    59 | D        | Noticed a large bag of meat
    59 | D        | Noticed a bag of meat
    59 | D        | Noticed a sculptor of flesh
    59 | D        | Killed a meat berserker
    60 | D        | Noticed a bag of meat
    60 | D        | Killed a bag of meat
    61 | D        | Noticed a bag of meat
    61 | D        | Noticed a bag of meat
    61 | D        | Noticed a bag of meat
    61 | D        | Killed a tyrant
    61 | D        | Killed a meat berserker
    61 | D        | Killed a bag of meat
    61 | D        | Killed a bag of meat
    62 | D        | Killed a meat berserker
    63 | D        | Noticed a bag of meat
    64 | D        | Noticed a bag of meat
    64 | D        | Noticed a bag of meat
    64 | D        | Noticed a dread
    64 | D        | Killed a bag of meat
    64 | D        | Killed a bag of meat
    65 | D        | Noticed an accursed
    66 | D        | Noticed a bag of meat
    66 | D        | Noticed a dread
    67 | D        | Noticed a meat berserker
    67 | D        | Noticed a dread
    67 | D        | Killed a bag of meat
    67 | D        | Killed a bag of meat
    67 | D        | Killed a bag of meat
    68 | D        | Noticed a meat beast
    68 | D        | Noticed a dread
    68 | D        | Noticed a meat berserker
    68 | D        | Noticed a bag of meat
    68 | D        | Killed a bag of meat
    69 | D        | Noticed a bag of meat
    69 | D        | Noticed a meat berserker
    69 | D        | Noticed a meat berserker
    69 | D        | Killed a bag of meat
    70 | D        | Noticed a tyrant
    70 | D        | Noticed a meat berserker
    70 | D        | Noticed a meat beast
    70 | D        | Noticed a tyrant
    70 | D        | Noticed a bag of meat
    70 | D        | Noticed a meat berserker
    70 | D        | Annihilated by The Captor

Action                   |  1- 3 |  4- 6 |  7- 9 | 10-12 | 13-15 | 16-18 | 19-21 | 22-24 | 25-27 || total
-------------------------+-------+-------+-------+-------+-------+-------+-------+-------+-------++-------
Melee: Executioner's axe |     1 |       |       |       |     3 |     3 |     7 |    11 |    23 ||    48
Invok: Major Destruction |       |       |       |       |       |       |       |       |     1 ||     1
